 Dungeon Crawl Stone Soup version 0.26.1-11-gd32895ea62 (webtiles) character file.

Game seed: 3040282162943208

140 raph the Ruffian (level 5, -7/53 HPs)
             Began as a Troll Berserker on June 12, 2021.
             Was a Believer of Trog.
             Killed by nerve-wracking pain
             ... invoked by an orc priest
              (12 damage)
             ... on level 3 of the Dungeon.
             The game lasted 00:02:37 (1492 turns).

raph the Ruffian (Troll Berserker)                  Turns: 1492, Time: 00:02:37

Health: -7/53      AC:  6    Str: 25    XL:     5   Next: 2%
Magic:  4/4        EV: 10    Int:  3    God:    Trog [**....]
Gold:   92         SH:  0    Dex: 10    Spells: 4/4 levels left

rFire    + . .     SeeInvis .     - Unarmed
rCold    + . .     Faith    .   (no shield)
rNeg     . . .     Spirit   .   a - +0 animal skin
rPois    .         Reflect  .   (helmet restricted)
rElec    .         Harm     .   k - scarf {rC+ rF+}
rCorr    .         Rampage  .   (gloves unavailable)
Will     .....                  (boots unavailable)
Stlth    ++........             (no amulet)
HPRegen  0.57/turn              i - ring of stealth
MPRegen  0.09/turn              (no ring)

@: berserk cooldown, slowed, very slow
A: large, unfitting armour, claws 3, regeneration 1, shaggy fur 1, tough skin 3
a: Renounce Religion, Berserk, Trog's Hand


You were on level 3 of the Dungeon.
You worshipped Trog.
Trog was pleased with you.
You visited 1 branch of the dungeon, and saw 3 of its levels.

You collected 92 gold pieces.

Inventory:

Armour
 a - a +0 animal skin (worn)
 k - a scarf of resistance (worn)
Jewellery
 i - a ring of stealth (left claw)
Scrolls
 b - a scroll of remove curse {unknown}
 c - a scroll of identify {unknown}
 d - a scroll of fear {unknown}
 f - a scroll of enchant armour {unknown}
 g - a scroll of magic mapping {unknown}
 h - a scroll of fog {unknown}
 j - a scroll of blinking {unknown}
Potions
 e - 2 potions of curing {unknown}


   Skills:
 + Level 3.3 Fighting
 + Level 3.3 Dodging
 + Level 4.1 Unarmed Combat


You had 4 spell levels left.
You didn't know any spells.
Your spell library was empty.

Dungeon Overview and Level Annotations

Branches:
Dungeon (3/15)

Altars:
Qazlal


Innate Abilities, Weirdness & Mutations

You are too large for most types of armour.
You have claws for hands.
Your natural rate of healing is unusually fast.
You are covered in fur. (AC +1)
You have extremely tough skin. (AC +3)


Message History

The orc hits you but does no damage. The kobold hits you but does no damage.
You closely miss the kobold. The kobold hits you but does no damage.
The orc closely misses you. The kobold hits you but does no damage.
The orc hits you but does no damage.
You closely miss the kobold. The kobold hits you.
The orc priest calls down the wrath of Beogh upon you.
Beogh smites you!
The orc hits you from afar with a +0 halberd.
The orc priest hits you with a +0 hand axe.
The orc hits you with a +0 halberd.
* * * LOW HITPOINT WARNING * * *
The kobold hits you.
* * * LOW HITPOINT WARNING * * *
Items here: )))) [[ †.
You barely miss the orc priest. The orc priest misses you.
The kobold hits you but does no damage. The orc hits you with a +0 halberd!
* * * LOW HITPOINT WARNING * * *
The orc priest calls down the wrath of Beogh upon you.
Pain shoots through your body!
You die...

##..###.#
########...# #
...........#
#.#######...# #.
#......# ##.#
#.###†.# ##...#
#.# #..#
##....o##.###..#
......o@Ko.......
##.....##)###..##
....... .#.. ..#
##.#.## # #.(..#
# #) ##..# # .. #


You could see 2 orc priests, an orc and a kobold.

Vanquished Creatures
  An orc priest (D:3)
  Ijyb (D:3)
  3 adders (D:2)
  A worm (D:2)
  2 dart slugs
  2 leopard geckos (D:2)
  5 orcs (D:3)
  A giant cockroach (D:2)
  6 goblins
  5 hobgoblins
  2 kobolds
  A ball python (D:2)
  7 bats
  7 frilled lizards
  6 rats
50 creatures vanquished.

Notes
Turn   | Place    | Note
-------+----------+-------------------------------------------
     0 | D:1      | raph the Troll Berserker began the quest for the Orb.
     0 | D:1      | Reached XP level 1. HP: 22/22 MP: 0/0
   115 | D:1      | You fall into a shaft and drop 1 floor!
   128 | D:2      | Found a stormy altar of Qazlal.
   147 | D:2      | Reached XP level 2. HP: 29/29 MP: 1/1
   468 | D:1      | Reached ** piety under Trog
   752 | D:2      | Reached XP level 3. HP: 23/36 MP: 2/2
  1176 | D:2      | Reached XP level 4. HP: 45/45 MP: 3/3
  1373 | D:3      | Noticed Ijyb
  1380 | D:3      | Paralysed by Ijyb for 6 turns
  1390 | D:3      | Paralysed by Ijyb for 2 turns
  1421 | D:3      | Killed Ijyb
  1487 | D:3      | Reached skill level 4 in Unarmed Combat
  1487 | D:3      | Reached XP level 5. HP: 51/53 MP: 4/4
  1492 | D:3      | Killed from afar by an orc priest

Illustrated notes

Levels and vault maps discovered:
D:1:      evilmike_arrival_plus, layout_basic
D:2:      kb_forest_paths, layout_basic, nicolae_qazlal_general_emergency
D:3:      layout_loops_ring, uniq_ijyb, uniq_crazy_yiuf_cottage

Skill      XL: |  1  2  3  4 |
---------------+-------------+-----
Fighting       | 3 |  3.3
Dodging        | 3 |  3.3
Unarmed Combat | 4 |  4.1

Action                   |  1- 3 |  4- 6 || total
-------------------------+-------+-------++-------
Melee: Unarmed           |    95 |    41 ||   136
Invok: Berserk           |     1 |     3 ||     4
Armor: Animal skin       |    47 |    14 ||    61
Dodge: Dodged            |    82 |    17 ||    99
